 Dungeon Sprint DCSS version 0.17-a0-1311-gbcbd859 (webtiles) character file.

6 Kidiri the Sneak (level 1, -1/9 HPs)
             Began as a Spriggan Enchanter on June 8, 2015.
             Was an Initiate of Dithmenos.
             Slain by a river rat (10 damage)
             ... in the Dungeon (Sprint VII: "The Pits").
             The game lasted 00:01:14 (186 turns).

Kidiri the Sneak (Spriggan Enchanter)                Turns: 186, Time: 00:01:14

Health: -1/9       AC:  3    Str:  4    XL:     1   Next: 75%
Magic:  3/5        EV: 19    Int: 16    God:    Dithmenos [......]
Gold:   0          SH:  0    Dex: 16    Spells: 1 memorised, 5 levels left

rFire  . . .     SeeInvis +     a - +2 dagger
rCold  . . .     Clarity  .     b - +1 robe
rNeg   . . .     SustAt   .     (shield restricted)
rPois  .         Gourm    .     (helmet restricted)
rElec  .         Spirit   .     (no cloak)
rCorr  .         Warding  .     (gloves unavailable)
rMut   .         NoTele   +     (boots unavailable)
MR     .....                    (no amulet)
Stlth  +++.......               (no ring)
                                (no ring)

@: very quick, not resistant to hostile enchantments, fairly stealthy
A: unfitting armour, see invisible, herbivore 3, speed 3, slow metabolism 2
a: Renounce Religion


You were in the Dungeon.
You worshipped Dithmenos.
Dithmenos was noncommittal.
You were not hungry.

You visited 1 branch

Inventory:

Hand weapons
 a - a +2 dagger (weapon)
Armour
 b - a +1 robe (worn)
Scrolls
 j - a scroll of blinking
 l - 3 scrolls of remove curse
 m - 5 scrolls of amnesia
 n - a scroll of summoning
Potions
 e - 2 potions of invisibility
 g - a potion of haste
 h - 4 potions of magic
 i - 3 potions of berserk rage
Books
 c - a book of Maledictions

   Spells                             Type                      Level
   a - Corona                         Hexes                        1
   b - Ensorcelled Hibernation        Hexes/Ice                    2
   c - Confuse                        Hexes                        3
   d - Tukima's Dance                 Hexes                        3
   e - Dazzling Spray                 Conjuration/Hexes            3
Comestibles
 d - 8 bread rations
 k - 40 fruits


   Skills:
 + Level 0.5 Fighting
 * Level 2.1 Short Blades
 * Level 3.9 Dodging
 * Level 5.2 Stealth
 + Level 3.0 Spellcasting
 + Level 3.8 Hexes


You had 5 spell levels left.
You knew the following spells:

 Your Spells              Type           Power        Failure   Level  Hunger
a - Corona                Hex            ##.....      4%          1    #......


Dungeon Overview and Level Annotations

Branches:
Dungeon (1/1)

Altars:
Ashenzari
Cheibriados
Dithmenos
Elyvilon
Fedhas
Gozag
Kikubaaqudgha
Makhleb
Nemelex Xobeh
Okawaru
Qazlal
Ru
Sif Muna
Trog
Vehumet
Xom
Yredelemnul
Zin
The Shining One
Beogh
Jiyva
Lugonu


Innate Abilities, Weirdness & Mutations

You are tiny and cannot use many weapons and most armour.
You have supernaturally acute eyesight.
You are a herbivore.
You cover ground extremely quickly.
You need consume almost no food.


Message History

Casting: Corona
Confirm with . or Enter, or press ? or * to list all spells.
Aiming: Corona
Press: ? - help, Shift-Dir - straight line, f - river rat
Aim: a river rat (chance to defeat MR: 60%)
The river rat is outlined in light.
You barely miss the river rat.
The river rat twitches its whiskers.
The river rat completely misses you.
You hit the river rat.
The river rat is heavily wounded.
The river rat completely misses you.
You completely miss the river rat.
The river rat is heavily wounded.
The river rat barely misses you.
You barely miss the river rat.
The river rat is heavily wounded.
The river rat bites you!
Ouch! That really hurt!
You die...

############
#__________#
#__________#
#.#####+##############++
#_#)))+.+%.##...........
#_#)))#.#?(##......#..#.
#######+#####...........
#.......r@..'...........
#+#####'#####......#..#.
#...+ #........... #...#
####'#####++ #####
#.......# #.......#
#.......# #...<...#
#.......#


You could see a river rat.

Vanquished Creatures
  An ufetubus (D)
  A giant gecko zombie (D)
2 creatures vanquished.

Notes
Turn   | Place    | Note
--------------------------------------------------------------
     0 | D        | Kidiri the Spriggan Enchanter began the quest for the Orb.
     0 | D        | Reached XP level 1. HP: 9/9 MP: 5/5
    23 | D        | Reached skill level 5 in Stealth
    35 | D        | Found a sacrificial altar of Ru.
    35 | D        | Found a basalt altar of Yredelemnul.
    35 | D        | Found a shadowy altar of Dithmenos.
    35 | D        | Found a deep blue altar of Sif Muna.
    35 | D        | Found a burning altar of Makhleb.
    35 | D        | Found a shimmering altar of Xom.
    35 | D        | Found an ancient bone altar of Kikubaaqudgha.
    35 | D        | Found a sparkling altar of Nemelex Xobeh.
    36 | D        | Found a glowing golden altar of the Shining One.
    36 | D        | Found a bloodstained altar of Trog.
    36 | D        | Found a shattered altar of Ashenzari.
    36 | D        | Found a white marble altar of Elyvilon.
    36 | D        | Found a snail-covered altar of Cheibriados.
    36 | D        | Found a blossoming altar of Fedhas.
    36 | D        | Found a radiant altar of Vehumet.
    36 | D        | Found a glowing silver altar of Zin.
    36 | D        | Found a corrupted altar of Lugonu.
    36 | D        | Found a viscous altar of Jiyva.
    36 | D        | Found a roughly hewn altar of Beogh.
    36 | D        | Found an iron altar of Okawaru.
    39 | D        | Became a worshipper of Dithmenos the Shadowed
    43 | D        | Found a stormy altar of Qazlal.
    43 | D        | Found an opulent altar of Gozag.
   186 | D        | Slain by a river rat

Vault maps used:
D:        pitsprint

Action                   || total
-------------------------++-------
Melee: Dagger            ||    16
 Cast: Corona            ||     3
  Use: Potion            ||     2
